 Dungeon Crawl Stone Soup version 0.32-a0-361-g289a535e89 (webtiles) character file.

Game seed: 10160073636625257332

3199 shoop the Cleaver (level 9, -5/62 HPs)
             Began as a Mountain Dwarf Fire Elementalist on Feb 19, 2024.
             Was a Follower of Sif Muna.
             Slain by a vampire (7 damage)
             ... on level 8 of the Dungeon.
             The game lasted 00:19:18 (8526 turns).

shoop the Cleaver (MDFE)                            Turns: 8526, Time: 00:19:19

Health: -5/62      AC:  9    Str: 17    XL:     9   Next: 64%
Magic:  10/13      EV:  5    Int: 24    God:    Sif Muna [*.....]
Gold:   127        SH: 10    Dex: 10    Spells: 7/13 levels left

rFire   + . .        f - +1 broad axe (vamp)
rCold   + . .        L - +0 tower shield
rNeg    . . .        v - +2 scale mail {rF+}
rPois   .            (no helmet)
rElec   .            g - +0 cloak
rCorr   .            (no gloves)
SInv    .            (no boots)
Will    ++...        t - amulet of the acrobat Stlth
                     w - +6 ring of strength
HPRegen 0.30/turn    m - ring "Ykoge" {+Blink rC+ Will++ Str-2 Int+6}
MPRegen 0.13/turn

%: acrobat
@: no status effects
A: runic magic, artefact enchanting
a: Renounce Religion, Evoke Blink, Channel Magic


You were on level 8 of the Dungeon.
You worshipped Sif Muna.
Sif Muna was aware of your devotion.
You visited 1 branch of the dungeon, and saw 8 of its levels.

You collected 347 gold pieces.
You spent 220 gold pieces at shops.

Inventory:

Hand Weapons
 e - a +1 whip of freezing
 f - a +1 vampiric broad axe (weapon)
Missiles
 y - 2 throwing nets
Armour
 a - a +0 robe
 c - a +0 ring mail
 g - a +0 cloak (worn)
 v - a +2 scale mail of fire resistance (worn)
 L - a +0 tower shield (worn)
Jewellery
 i - a ring of positive energy
 m - the ring "Ykoge" (right hand) {+Blink rC+ Will++ Str-2 Int+6}
   (You found it on level 2 of the Dungeon)

   [ring of intelligence]

   Str-2:     It affects your strength (-2).
   Int+6:     It affects your intelligence (+6).
   rC+:       It protects you from cold.
   Will++:    It greatly increases your willpower.
   +Blink:    It lets you blink.
 t - an amulet of the acrobat (around neck)
 w - a +6 ring of strength (left hand)
Wands
 k - a wand of charming (26)
 z - a wand of flame (32)
Scrolls
 h - 2 scrolls of immolation {unknown}
 l - 2 scrolls of enchant armour
 p - a scroll of silence {unknown}
 r - a scroll of vulnerability {unknown}
 u - 3 scrolls of teleportation
 C - a scroll of amnesia {unknown}
 D - 3 scrolls of fog
 H - 3 scrolls of identify
 I - a scroll of noise {unknown}
 J - a scroll of revelation {unknown}
 K - a scroll of blinking
Potions
 b - a potion of magic
 d - a potion of resistance {unknown}
 j - a potion of enlightenment {unknown}
 n - 2 potions of invisibility {unknown}
 o - a potion of heal wounds
 q - a potion of ambrosia
 s - a potion of berserk rage
 x - a potion of degeneration
 A - a potion of mutation
 B - a potion of curing
 E - 2 potions of might {unknown}
 F - a potion of brilliance {unknown}
 G - a potion of attraction {unknown}


   Skills:
 * Level 13.5 Axes
 - Level 2.0 Armour
 - Level 1.3 Dodging
 - Level 1.4 Stealth
 + Level 0.0 Shields
 - Level 2.6 Spellcasting
 - Level 3.1 Conjurations
 - Level 2.0 Translocations
 - Level 6.1 Fire Magic
 - Level 2.0 Evocations


You had 7 spell levels left.
You knew the following spells:

 Your Spells              Type           Power      Damage    Failure   Level
a - Foxfire               Conj/Fire      100%       2x1d9     32%         1
b - Blink                 Tloc           24%        N/A       82%         2
c - Volatile Blastmotes   Fire/Tloc      44%        2d13      75%         3

Your spell library contained the following spells:

 Spells                   Type           Power      Damage    Failure   Level
 Scorch                   Fire           64%        2d7       26%         2
 Momentum Strike          Conj/Tloc      30%        3d8       75%         2
 Lesser Beckoning         Tloc           24%        N/A       82%         2
 Inner Flame              Hex/Fire       18%        N/A       87%         3
 Necrotise                Necr           12%        1d4       91%         1
 Summon Small Mammal      Summ           12%        N/A       91%         1
 Flame Wave               Conj/Fire      25%        2d8       97%         4
 Summon Blazeheart Golem  Fire/Summ      18%        N/A       99%         4
 Call Canine Familiar     Summ           3%         N/A       100%        3
 Vampiric Draining        Necr           3%         2d6       100%        3
 Martyr's Knell           Necr/Summ      3%         N/A       100%        4
 Curse of Agony           Necr           3%         N/A       100%        5


Dungeon Overview and Level Annotations

Branches:
Dungeon (8/15)             Temple (0/1) D:6
   Lair: D:8-11

Altars:
Gozag
Hepliaklqana
Okawaru
Ru
Sif Muna

Shops:
D:7 ?

Annotations:
D:7 Maurice


Innate Abilities, Weirdness & Mutations

Your spellcasting is much less encumbered by armour.
You can use scrolls of enchantment on lesser artefacts.


Message History

The vampire gestures wildly while chanting.
The vampire flickers and vanishes!
Deactivating autopickup; reactivate with Ctrl-A.
Unknown command.
You closely miss something. Something hits you but does no damage.
You block something's attack. Something hits you but does no damage.
Something bites you but does no damage.
You hit something but do no damage. Something hits you!
Something bites you but does no damage.
You hit something. Something hits you! Something bites you but does no damage.
You barely miss something. Something hits you but does no damage.
Something bites you but does no damage. Something hits you!
* * * LOW HITPOINT WARNING * * *
Something bites you.
* * * LOW HITPOINT WARNING * * *
Something draws strength from your injuries!
You closely miss something. You block something's attack.
Something bites you but does no damage.
You closely miss something. You block something's attack. x2
You hit something but do no damage. Something hits you but does no damage.
Something bites you.
* * * LOW HITPOINT WARNING * * *
Something draws strength from your injuries!
Something hits you.
* * * LOW HITPOINT WARNING * * *
Something bites you but does no damage.
You barely miss something. You block something's attack.
Something bites you but does no damage.
You barely miss something. You block something's attack.
Something bites you but does no damage.
Your magical contamination has completely faded away.
Unknown command.
You miss something. You block something's attack. Something bites you.
* * * LOW HITPOINT WARNING * * *
Something draws strength from your injuries!
Something hits you.
* * * LOW HITPOINT WARNING * * *
Something bites you but does no damage.
You slash something! Something hits you!
You die...

.#######.....##
........#...##
.######.##+##
#.##.##
#####.##..##
#..........#
#.###.#...##
.........######
#####..@......#
##{######## #.#
#.# #.# #. ..
.#


There were no monsters in sight!

Vanquished Creatures
  Pikel (D:7)
  Sigmund (D:2)
  Eustachio (D:6)
  A wyvern (D:7)
  Duvessa (D:7)
  2 sky beasts (D:7)
  2 ice beasts
  A black bear (D:7)
  7 ogres
  A centaur (D:6)
  A phantom (D:6)
  3 lemures (D:7)
  Blork the orc (D:4)
  A kobold brigand (D:7)
  A scorpion (D:4)
  Dowan (D:7)
  2 bombardier beetles
  2 hounds (D:5)
  A jelly (D:7)
  A gnoll bouda (D:5)
  3 iguanas
  Ijyb (D:5)
  4 orc wizards
  8 gnolls
  7 adders
  A shadow imp (D:8)
  2 white imps
  2 ufetubi (D:6)
  2 ribbon worms
  6 dart slugs
  6 orcs
  5 endoplasms
  3 giant cockroaches
  8 goblins
  9 hobgoblins
  9 quokkas
  5 ball pythons
  4 bats
  6 frilled lizards
  9 kobolds
  4 rats
  A butterfly (D:6)
137 creatures vanquished.

Vanquished Creatures (collateral kills)
  2 foxfires (D:5)
2 creatures vanquished.

Vanquished Creatures (others)
  532 foxfires
532 creatures vanquished.

Grand Total: 671 creatures vanquished

Notes
Turn   | Place    | Note
-------+----------+-------------------------------------------
     0 | D:1      | shoop the Mountain Dwarf Fire Elementalist began the quest
                  | for the Orb.
     0 | D:1      | Reached XP level 1. HP: 14/14 MP: 3/3
   171 | D:1      | Reached skill level 1 in Conjurations
   242 | D:1      | Reached XP level 2. HP: 20/20 MP: 2/4
   377 | D:1      | Reached skill level 1 in Armour
   759 | D:1      | Reached XP level 3. HP: 26/26 MP: 2/5
  1515 | D:2      | Identified the ring "Ykoge" {+Blink rC+ Will++ Str-2 Int+6}
  1561 | D:2      | Noticed Sigmund
  1586 | D:2      | Killed Sigmund
  1587 | D:2      | Reached skill level 5 in Fire Magic
  1587 | D:2      | Reached XP level 4. HP: 27/33 MP: 0/6
  1587 | D:2      | Reached XP level 5. HP: 31/38 MP: 0/7
  1591 | D:2      | Learned a level 3 spell: Volatile Blastmotes
  2543 | D:3      | Reached XP level 6. HP: 45/45 MP: 7/9
  2862 | D:3      | Reached skill level 1 in Translocations
  4051 | D:4      | Noticed Blork the orc
  4056 | D:4      | Killed Blork the orc
  4108 | D:4      | Found a shimmering blue altar of Sif Muna.
  4116 | D:4      | Became a worshipper of Sif Muna the Loreminder
  4124 | D:4      | Learned a level 2 spell: Blink
  4301 | D:4      | Reached skill level 1 in Axes
  4406 | D:4      | Reached XP level 7. HP: 50/50 MP: 7/11
  4458 | D:4      | Found a sacrificial altar of Ru.
  4696 | D:5      | Entered Level 5 of the Dungeon
  4775 | D:5      | Reached skill level 2 in Axes
  4916 | D:5      | Reached skill level 3 in Axes
  5004 | D:5      | Reached skill level 4 in Axes
  5079 | D:5      | Reached skill level 5 in Axes
  5241 | D:5      | Reached skill level 6 in Axes
  5406 | D:5      | Reached XP level 8. HP: 57/57 MP: 5/12
  5527 | D:5      | Reached skill level 7 in Axes
  5628 | D:5      | Noticed Ijyb
  5720 | D:5      | Killed Ijyb
  5803 | D:5      | You fall into a shaft and drop 2 floors!
  5819 | D:7      | Reached skill level 8 in Axes
  5850 | D:7      | Noticed Duvessa
  5856 | D:7      | Noticed Dowan
  5865 | D:7      | Killed Duvessa
  5870 | D:7      | Killed Dowan
  5871 | D:7      | Reached skill level 9 in Axes
  6222 | D:6      | Reached * piety under Sif Muna
  6294 | D:5      | Reached skill level 10 in Axes
  6412 | D:5      | Found a hazy altar of Hepliaklqana.
  6679 | D:6      | Noticed Eustachio
  6782 | D:6      | Found a staircase to the Ecumenical Temple.
  6803 | D:6      | Killed Eustachio
  6949 | D:6      | Reached skill level 11 in Axes
  6949 | D:6      | Reached XP level 9. HP: 42/62 MP: 5/13
  7084 | D:6      | Found an opulent altar of Gozag.
  7418 | D:7      | Found Otulo's Magic Scroll Boutique.
  7423 | D:7      | Bought a scroll of enchant armour for 75 gold pieces
  7423 | D:7      | Bought a scroll of fog for 40 gold pieces
  7423 | D:7      | Bought a scroll of blinking for 75 gold pieces
  7423 | D:7      | Bought a scroll of teleportation for 30 gold pieces
  7613 | D:7      | Found an iron altar of Okawaru.
  7614 | D:7      | Noticed Pikel
  7665 | D:7      | Killed Pikel
  7666 | D:7      | Reached skill level 12 in Axes
  7765 | D:7      | Noticed Maurice
  7977 | D:7      | Reached skill level 13 in Axes
  8525 | D:8      | HP: 2/62 [something (6)]
  8526 | D:8      | Slain by a vampire

Illustrated notes

Levels and vault maps discovered:
D:1:      grunt_arrival_lava_bath, layout_basic
D:2:      layout_rooms, uniq_sigmund
D:3:      layout_rooms
D:4:      layout_layer_cave, marbit_many_paths, tgw_sif,
          minmay_misc_feat_secret_circle
D:5:      layout_basic, mainiacjoe_overflow_alcove_4, uniq_ijyb
D:6:      layout_basic, grunt_gozag_statues, minmay_temple_entry_butterflies,
          uniq_eustachio, uniq_blork_the_orc
D:7:      layout_loops_ring, okawaru_gym_becter, serial_shops, shop,
          uniq_maurice, uniq_pikel, uniq_duvessa
D:8:      layout_loops_corners, vehumet_statue, old_standard_altar,
          erik_lair_orcish_takeover, gammafunk_ghost_necromancy,
          chequers_serial_rivers_small_3, minmay_misc_feat_pillars

Skill      XL: |  1  2  3  4  5  6  7  8  9 |
---------------+----------------------------+-----
Conjurations   | 1 3 |  3.1
Fire Magic     | 4 5 6 |  6.1
Armour         | 1 2 |  2.0
Evocations     | 2 |  2.0
Spellcasting   | 2 |  2.6
Translocations | 1 2 |  2.0
Axes           | 1 6 11 13 | 13.5
Dodging        | |  1.3
Stealth        | |  1.4

Action                     |  1- 3 |  4- 6 |  7- 9 || total
---------------------------+-------+-------+-------++-------
  Melee: Whip              |     9 |     9 |       ||    18
         Broad axe         |       |     1 |   109 ||   110
   Cast: Foxfire           |    49 |   101 |   179 ||   329
         Blink             |       |     6 |       ||     6
         Volatile Blastmot |       |       |    18 ||    18
    Use: Scroll            |       |     4 |     2 ||     6
 Armour: Ring mail         |    15 |     9 |       ||    24
         Scale mail        |       |     2 |   118 ||   120
  Dodge: Dodged            |    10 |     6 |    30 ||    46
  Block: Tower shield      |       |       |     9 ||     9

Table legend: (Time is in decaauts)
 A = Elapsed time spent in this place.
 B = Non-inter-level travel time spent in this place.
 C = Inter-level travel time spent in this place.
 D = Time resting spent in this place.
 E = Time spent auto-exploring this place.
 F = Levels seen in this place.
 G = Mean time per level.
                   A        B        C        D        E       F      G
               +--------+--------+--------+--------+--------+-----+--------+
         Total |   8535 |   8233 |    302 |      0 |   6944 |   8 | 1066.9 |
       Dungeon |   8535 |   8233 |    302 |      0 |   6944 |   8 | 1066.9 |
               +--------+--------+--------+--------+--------+-----+--------+

Top non-repeatable levels by time:
     D:4: 1804 daAuts
     D:5: 1480 daAuts
     D:1: 1364 daAuts
     D:7: 1321 daAuts
     D:2: 1002 daAuts
     D:6: 913 daAuts
     D:3: 582 daAuts
     D:8: 66 daAuts
